 Dungeon Crawl Stone Soup version 0.20.1-1-g8b1a95d (webtiles) character file.

86 lydgate the Stinger (level 4, -1/24 HPs)
             Began as a Gargoyle Venom Mage on Jan 28, 2018.
             Slain by an ogre
             ... wielding a +0 giant spiked club
              (25 damage)
             ... on level 2 of the Dungeon.
             The game lasted 00:16:08 (1821 turns).

lydgate the Stinger (Gargoyle Venom Mage)           Turns: 1821, Time: 00:16:09

Health: -1/24      AC:  6    Str: 11    XL:     4   Next: 49%
Magic:  8/8        EV: 12    Int: 17    God:
Gold:   101        SH:  0    Dex: 10    Spells: 2/8 levels left

rFire    . . .     SeeInvis +   h - +0 club
rCold    . . .     Gourm    .   (no shield)
rNeg     + . .     Faith    .   a - +0 robe
rPois    ∞         Spirit   .   (no helmet)
rElec    +         Reflect  .   (no cloak)
rCorr    .         Harm     .   o - +0 pair of gloves
MR       .....                  (no boots)
Stlth    ++........             (no amulet)
Regen    0.1/turn               e - ring of see invisible
MPRegen  0.2/turn               (no ring)

@: no status effects
A: negative energy resistance 1, electricity resistance, unbreathing,
petrification resistance, rot immunity, AC +3
a: no special abilities


You were on level 2 of the Dungeon.
You were not hungry.

You visited 1 branch of the dungeon, and saw 2 of its levels.

You collected 101 gold pieces.

Inventory:

Hand Weapons
 h - a +0 club (weapon)
Armour
 a - a +0 robe (worn)
 o - a +0 pair of gloves (worn)
Jewellery
 e - a ring of see invisible (left hand)
Scrolls
 d - a scroll of teleportation
 g - 2 scrolls of identify
 i - 2 scrolls of remove curse {unknown}
 j - a scroll of immolation {unknown}
 m - 2 scrolls of enchant weapon {unknown}
 n - 2 scrolls of magic mapping {unknown}
 p - a scroll of fear {unknown}
Potions
 f - a potion of lignification {unknown}
 l - a potion of ambrosia {unknown}
 q - a potion of magic {unknown}
Books
 b - a Young Poisoner's Handbook

   Spells                             Type                      Level
   a - Sting                          Conjuration/Poison           1
   b - Poisonous Vapours              Poison/Air                   2
   c - Mephitic Cloud                 Conjuration/Poison/Air       3
   d - Olgreb's Toxic Radiance        Poison                       4
   e - Venom Bolt                     Conjuration/Poison           5
Comestibles
 c - 2 bread rations
 k - a chunk of flesh


   Skills:
 - Level 1.5 Dodging
 - Level 2.1 Stealth
 + Level 2.7 Spellcasting
 + Level 2.9 Conjurations
 + Level 3.9 Poison Magic


You had 2 spell levels left.
You knew the following spells:

 Your Spells              Type           Power        Failure   Level  Hunger
a - Sting                 Conj/Pois      ##..         4%          1    #......
b - Poisonous Vapours     Pois/Air       #.....       12%         2    ##.....
c - Mephitic Cloud        Conj/Pois/Air  ##......     22%         3    ###....


Dungeon Overview and Level Annotations

Branches:
Dungeon (2/15)

Altars:
Ashenzari


Innate Abilities, Weirdness & Mutations

You are resistant to torment.
Your stone body is resilient. (AC +3)
You are immune to poison.
You resist negative energy. (rN+)
You are resistant to electric shocks. (rElec)
You can survive without breathing.
You are immune to petrification.
You are immune to rotting.


Message History

The bat is severely wounded.
You kill the bat!
You see here a bat corpse.
You see here a bat corpse.
You butcher the bat corpse.
k - 2 chunks of flesh (gained 1)
You see here a bat skeleton.
You are feeling hungry.
Eating one of 2 chunks of flesh.
You eat one of the 2 chunks of flesh.
This raw flesh tastes terrible.
Magic restored.
An ogre comes into view. It is wielding a giant spiked club.
The ogre shouts!
The ogre moves out of view.
Found a stone staircase leading up.
The ogre barely misses you.
You see here 9 gold pieces.
The ogre hits you with a giant spiked club!!
Ouch! That really hurt!
You die...

#w##...............###
#.#####.#.#.#.######
#.#####.#.#.#.#
#.......#.#.#.#
###########...#>#
........#######.#
............# #.#
###..$# #.# #...O@#
##.######## #.#...#
#..........
#.#...###.##...#######
#........<#.....# #
....#.>.######...## #
##.###.......÷..## #
#.# ##.#######.# # ##
#.## #.# # #.# ##'## #


You could see an ogre.

Vanquished Creatures
  A gnoll (D:1)
  4 adders (D:2)
  An ooze (D:2)
  A worm (D:2)
  A dart slug (D:2)
  2 giant cockroaches (D:1)
  2 goblins (D:1)
  5 hobgoblins (D:1)
  4 jackals (D:2)
  5 bats
  4 frilled lizards
  2 kobolds (D:1)
  3 rats (D:2)
35 creatures vanquished.

Notes
Turn   | Place    | Note
-------+----------+-------------------------------------------
     0 | D:1      | lydgate the Gargoyle Venom Mage began the quest for the Orb.
     0 | D:1      | Reached XP level 1. HP: 10/10 MP: 3/3
   135 | D:1      | Reached XP level 2. HP: 12/15 MP: 3/5
   139 | D:1      | Learned a level 2 spell: Poisonous Vapours
   167 | D:1      | Found a shattered altar of Ashenzari.
   557 | D:1      | Reached XP level 3. HP: 19/19 MP: 0/6
  1055 | D:2      | Learned a level 3 spell: Mephitic Cloud
  1260 | D:2      | Reached XP level 4. HP: 24/24 MP: 4/7
  1815 | D:2      | Noticed an ogre
  1821 | D:2      | Slain by an ogre

Skill      XL: |  1  2 |
---------------+-------+-----
Conjurations   | 2 |  2.9
Dodging        | |  1.5
Stealth        | |  2.1
Spellcasting   | |  2.7
Poison Magic   | |  3.9

Action                   |  1- 3 |  4- 6 || total
-------------------------+-------+-------++-------
Melee: Unarmed           |    14 |       ||    14
       Club              |    21 |    19 ||    40
 Cast: Sting             |    21 |    16 ||    37
       Poisonous Vapours |    12 |     5 ||    17
  Use: Scroll            |     1 |     1 ||     2
 Stab: Sleeping          |     1 |       ||     1
  Eat: Chunk             |     2 |     3 ||     5
Armor: Robe              |    15 |    10 ||    25
Dodge: Dodged            |    33 |    18 ||    51
